 Dungeon Crawl Stone Soup version 0.30-a0-847-g17996783a1 (webtiles) character file.

Game seed: 14275113836458342829

139 holysushi the Cutter (level 5, -2/57 HPs)
             Began as a Demonspawn Monk on Mar 3, 2023.
             Slain by Pikel
             ... wielding a +0 whip of freezing
              (5 damage)
             ... on level 4 of the Dungeon.
             The game lasted 00:03:47 (3129 turns).

holysushi the Cutter (Demonspawn Monk)              Turns: 3129, Time: 00:03:48

Health: -2/57      AC: 22    Str: 11 (12) XL:     5   Next: 1%
Magic:  5/5        EV:  2    Int: 10 (11) God:
Gold:   201        SH:  0    Dex: 22 (23) Spells: 4/4 levels left

rFire   + . .      SeeInvis .    j - +1 dagger (drain)
rCold   . . .      Faith    .    (no shield)
rNeg    . . .      Spirit   .    b - melded +0 robe
rPois   +          Reflect  .    (helmet currently unavailable)
rElec   .          Rampage  .    (cloak currently unavailable)
rCorr   .          NoTele   +    (gloves currently unavailable)
Will    .....                    (boots currently unavailable)
Stlth   ++                       (no amulet)
HPRegen 0.29/turn                l - +6 ring of dexterity
MPRegen 0.09/turn                d - ring of protection from fire

@: tree-form
A: stationary, stasis, torment immunity, boosted hp, (hooves 1), rugged brown
scales 2, frail 1
a: no special abilities


You were on level 4 of the Dungeon.
You were a tree.
You visited 1 branch of the dungeon, and saw 4 of its levels.

You collected 201 gold pieces.

Inventory:

Hand Weapons
 a - a +0 short sword
 g - a +2 short sword of speed
 j - a +1 dagger of draining (weapon)
Armour
 b - a +0 robe (melded)
Jewellery
 d - a ring of protection from fire (right branch)
 l - a +6 ring of dexterity (left branch)
Wands
 h - a wand of flame (7)
Scrolls
 i - a scroll of enchant weapon {unknown}
 m - a scroll of fog
Potions
 c - a potion of ambrosia
 e - a potion of curing {unknown}
 f - a potion of flight {unknown}
 n - a potion of brilliance {unknown}


   Skills:
 - Level 3.0 Fighting
 + Level 4.9 Short Blades
 + Level 3.2 Dodging
 - Level 1.7 Stealth


You had 4 spell levels left.
You didn't know any spells.
Your spell library contained the following spells:

 Spells                   Type           Power      Damage    Failure   Level
 Sandblast                Erth           0%         2d4       36%         1
 Passwall                 Tmut/Erth      0%         N/A       50%         2
 Stone Arrow              Conj/Erth      0%         3d7       75%         3


Dungeon Overview and Level Annotations

Branches:
Dungeon (4/15) Zot: 20939
 Temple: D:4-7

Altars:

Shops:
D:2 (

Annotations:
D:4 Natasha, Pikel


Innate Abilities, Weirdness & Mutations

You are a tree.
Your roots penetrate the ground, keeping you stationary.
You cannot be teleported.
You are immune to unholy pain and torment.
Your maximum health is greatly increased.
Your equipment is partially melded.
((You have large cloven feet.))
(You are mostly covered in rugged brown scales. (AC +2, +5% HP))
You are frail. (-10% HP)


Message History

Pikel hits you with a +0 whip of freezing.
Pikel freezes you.
You sense an unholy aura.
j - a +1 dagger of draining (weapon)
Pikel barely misses you.
You hit Pikel. You drain Pikel.
Pikel is lightly wounded.
Pikel says, "You'll rot in Tartarus!"
Pikel hits you with a +0 whip of freezing.
Pikel freezes you. Natasha casts a spell at you. You resist with some effort.
You hit Pikel but do no damage.
Pikel is lightly wounded.
Pikel hits you with a +0 whip of freezing.
Pikel freezes you.
You barely miss Pikel.
Pikel is lightly wounded.
Pikel says, "I'm sure they'll be treated well, anyway."
Pikel closely misses you.
You hit Pikel. Your kick misses Pikel.
Pikel is lightly wounded.
Pikel hits you with a +0 whip of freezing.
Pikel freezes you. Natasha casts a spell at you. You resist with some effort.
You miss Pikel. You kick Pikel, but do no damage.
Pikel is lightly wounded.
Pikel hits you with a +0 whip of freezing.
* * * LOW HITPOINT WARNING * * *
Pikel freezes you.
* * * LOW HITPOINT WARNING * * *
Really quaff the potion of lignification?
You turn into a tree.
Your +0 robe melds into your body.
Your roots penetrate the ground.
Pikel hits you but does no damage. Natasha casts a spell at you.
The magic dart hits you!
* * * LOW HITPOINT WARNING * * *
Pikel hits you with a +0 whip of freezing.
You die...

#.#)#.#.#.#.#### .#
#.#.#...#.#..
.#.#.#.#.....#.## #
.#.#.#.#.#...#.#.##.#
#.#.#.#.#.#[#.#.#..
.#.#.#.#.#.#.#.#..
#.#.#.#.#.#.#.#.#
#.#.#.#.#.#.#.#.#
.#.#.#.#>#♣#.#.#
.#.#.#.#K#h#.#.#
.#.#.#5#.#.#.#.#
.#.#5#.#.#.#.#..
.#5#.#5#.#.#.#..
#.#.#.#5#h#.#.....
#.#.#.#5#.#>#.##...
#.#.#.# #5#.#.#.# ..
#.#.#.# #.#.#.##


You could see Pikel (fast, drained), 3 lemures and Natasha.

Vanquished Creatures
  Robin (D:2)
  3 gnolls (D:3)
  2 adders (D:3)
  2 worms
  A dart slug (D:1)
  2 orcs
  5 endoplasms
  4 giant cockroaches
  13 goblins
  6 hobgoblins
  6 jackals
  2 quokkas
  A ball python (D:2)
  4 bats
  4 frilled lizards
  4 kobolds
  11 rats
71 creatures vanquished.

Notes
Turn   | Place    | Note
-------+----------+-------------------------------------------
     0 | D:1      | holysushi the Demonspawn Monk began the quest for the Orb.
     0 | D:1      | Reached XP level 1. HP: 18/18 MP: 1/1
    55 | D:1      | Reached skill level 3 in Short Blades
   212 | D:1      | Gained mutation: You have large cloven feet. [demonic
                  | ancestry]
   212 | D:1      | Reached XP level 2. HP: 22/24 MP: 2/2
   317 | D:1      | Found a faded altar of an unknown god.
   975 | D:2      | You fall into a shaft and drop 1 floor!
  1013 | D:2      | Found Deaforhi's Weapon Shop.
  1021 | D:2      | Gained mutation: You are partially covered in rugged brown
                  | scales. (AC +1, +3% HP) [demonic ancestry]
  1021 | D:2      | Reached XP level 3. HP: 20/29 MP: 3/3
  1076 | D:2      | Noticed Robin
  1401 | D:2      | Killed Robin
  1402 | D:2      | Reached skill level 4 in Short Blades
  1409 | D:2      | Gained mutation: You do not regenerate when monsters are
                  | visible. [potion of mutation]
  1409 | D:2      | Gained mutation: You are somewhat resistant to further
                  | mutation. [potion of mutation]
  1430 | D:2      | Lost mutation: You do not regenerate when monsters are
                  | visible. [potion of mutation]
  1430 | D:2      | Lost mutation: You are somewhat resistant to further
                  | mutation. [potion of mutation]
  1430 | D:2      | Gained mutation: You are frail. (-10% HP) [potion of
                  | mutation]
  1712 | D:3      | Reached XP level 4. HP: 27/32 MP: 4/4
  3072 | D:4      | Gained mutation: You are mostly covered in rugged brown
                  | scales. (AC +2, +5% HP) [demonic ancestry]
  3072 | D:4      | Reached XP level 5. HP: 30/38 MP: 5/5
  3113 | D:4      | Noticed a lemure
  3113 | D:4      | Noticed a lemure
  3113 | D:4      | Noticed Pikel
  3115 | D:4      | Noticed a lemure
  3117 | D:4      | Noticed a lemure
  3120 | D:4      | Noticed Natasha
  3129 | D:4      | Slain by Pikel

Illustrated notes

Levels and vault maps discovered:
D:1:      dpeg_arrival_tiny_c, layout_basic,
          shapermc_ecumenical_altar_notcrosses
D:2:      layout_basic, serial_shops, nicolae_shop_bloodbath_and_beyond,
          st_stairs_4, minivault_19, uniq_robin
D:3:      layout_loops_ring
D:4:      layout_basic, eino_small_chamber_without_monster, uniq_pikel,
          uniq_duvessa, uniq_natasha

Skill      XL: |  1  2  3  4 |
---------------+-------------+-----
Short Blades   | 3 4 |  4.9
Dodging        | 3 |  3.2
Fighting       | |  3.0
Stealth        | |  1.7

Action                     |  1- 3 |  4- 6 || total
---------------------------+-------+-------++-------
  Melee: Short sword       |   103 |    68 ||   171
         Kick              |    21 |    22 ||    43
         Punch             |     3 |       ||     3
         Dagger            |    29 |     5 ||    34
    Use: Scroll            |     3 |     5 ||     8
         Potion            |     4 |     1 ||     5
   Stab: Sleeping          |     3 |       ||     3
 Armour: Robe              |    30 |    15 ||    45
         Skin              |       |     1 ||     1
  Dodge: Dodged            |    72 |    43 ||   115

Table legend: (Time is in decaauts)
 A = Elapsed time spent in this place.
 B = Non-inter-level travel time spent in this place.
 C = Inter-level travel time spent in this place.
 D = Time resting spent in this place.
 E = Time spent auto-exploring this place.
 F = Levels seen in this place.
 G = Mean time per level.
                   A        B        C        D        E       F      G
               +--------+--------+--------+--------+--------+-----+--------+
         Total |   3059 |   2944 |    115 |    176 |   2131 |   4 |  764.8 |
       Dungeon |   3059 |   2944 |    115 |    176 |   2131 |   4 |  764.8 |
               +--------+--------+--------+--------+--------+-----+--------+

Top non-repeatable levels by time:
     D:3: 1253 daAuts
     D:1: 929 daAuts
     D:2: 777 daAuts
     D:4: 99 daAuts
